 Dungeon Sprint DCSS version 0.30-a0-632-g346586fe48 (webtiles) character file.

Game seed: 3239402077996026962

310 browni3141 the Tainter (level 6, -10/72 HPs)
             Began as a Naga Venom Mage on Jan 13, 2023.
             Mangled by a yak (17 damage)
             ... in the Dungeon (Sprint I: "Red Sonja").
             The game lasted 00:03:13 (531 turns).

browni3141 the Tainter (Naga Venom Mage)             Turns: 531, Time: 00:03:14

Health: -10/72     AC:  3    Str: 10    XL:     6   Next: 41%
Magic:  8/10       EV: 10    Int: 18    God:
Gold:   297        SH:  0    Dex: 11    Spells: 6/11 levels left

rFire   . . .      SeeInvis +    (no weapon)
rCold   . . .      Faith    .    (no shield)
rNeg    . . .      Spirit   .    a - +0 robe
rPois   +          Reflect  .    (no helmet)
rElec   .          Harm     .    (no cloak)
rCorr   .          Rampage  .    (no gloves)
Will    .....      NoTele   +    (no barding)
Stlth   ++                       (no amulet)
HPRegen 0.32/turn                (no ring)
MPRegen 0.12/turn                (no ring)

@: very slow
A: AC +2, large, see invisible, deformed body, poison resistance, slowness 2,
spit poison 1, naga tail 1
a: Spit Poison


You were in the Dungeon.
You visited 1 branch You collected 297 gold pieces.

Inventory:

Armour
 a - a +0 robe (worn)
Wands
 g - a wand of acid (13)
 h - a wand of charming (9)
Potions
 b - 3 potions of magic
 c - a potion of curing
 d - a potion of heal wounds
 e - a potion of haste
 f - a potion of berserk rage


   Skills:
 - Level 10.0 Fighting
 - Level 2.2 Dodging
 - Level 4.0 Stealth
 - Level 3.1 Spellcasting
 - Level 1.4 Transmutations
 * Level 10.4 Poison Magic


You had 6 spell levels left.
You knew the following spells:

 Your Spells              Type           Power      Damage    Failure   Level
a - Sting                 Tmut/Pois      96%        1d7       1%          1
b - Olgreb's Toxic Radia  Pois           40%        N/A       2%          4

Your spell library contained the following spells:

 Spells                   Type           Power      Damage    Failure   Level
 Poisonous Vapours        Pois/Air       42%        N/A       3%          2
 Mephitic Cloud           Conj/Pois/Air  15%        N/A       12%         3


Dungeon Overview and Level Annotations

Branches:
Dungeon (1/1)

Altars:
Cheibriados
Dithmenos
Elyvilon
Fedhas
Gozag
Hepliaklqana
Kikubaaqudgha
Okawaru
Qazlal
Ru
Sif Muna
Trog
Uskayaw
Vehumet
Wu Jian
Yredelemnul
Zin
The Shining One

Shops:
D (


Innate Abilities, Weirdness & Mutations

Your serpentine skin is tough. (AC +2)
You have supernaturally acute eyesight. (SInv)
Armour fits poorly on your strangely shaped body.
Your system is resistant to poisons. (rPois)
You cover ground very slowly.
You can spit poison.
You have a snake-like lower body.


Message History

You now have 189 gold pieces (gained 27).
You now have 216 gold pieces (gained 27).
You now have 243 gold pieces (gained 27).
You now have 270 gold pieces (gained 27).
You now have 297 gold pieces (gained 27).
There is an open door here.
You open the door.
A yak comes into view.
Found Butzafit's Antique Weapon Emporium.
Found eight altars.
A yak is nearby!
Found seven altars.
There is an open door here.
The helpless yak fails to defend itself.
You hit the yak but do no damage. The yak gores you!
The sting hits the yak but does no damage.
The yak is poisoned.
The yak gores you!
The sting hits the yak.
The yak looks even sicker.
The yak is lightly wounded.
The yak gores you!
You are too injured to fight recklessly!
You are too injured to fight recklessly!
You are too injured to fight recklessly!
You are too injured to fight recklessly!
You hit the yak but do no damage.
The yak is lightly wounded.
The yak snorts and paws the ground.
The yak gores you!
* * * LOW HITPOINT WARNING * * *
You hit the yak.
The yak is lightly wounded.
The yak gores you but does no damage.
You hit the yak.
The yak is moderately wounded.
The yak gores you!
* * * LOW HITPOINT WARNING * * *
You hit the yak but do no damage.
The yak is moderately wounded.
The yak gores you!
You die...

################
#<)#.)'..#..'..#
#.÷').#..'..#..+
#..#####'#####'# #..#
#..#...#)# ##(
#..#__####..##.#~~§§
#..#_____##§#_§'~~~§
#⌠⌠#_.∩..Y@§..§#§§~§c#
####_..__##§.#+##+##
#____ ##+# ####


You could see a yak (very poisoned).

Vanquished Creatures
  Sigmund (D)
  An ogre (D)
  A jelly (D)
  Ijyb (D)
4 creatures vanquished.

Notes
Turn   | Place    | Note
-------+----------+-------------------------------------------
     0 | D        | browni3141 the Naga Venom Mage began the quest for the Orb.
     0 | D        | Reached XP level 1. HP: 15/15 MP: 3/3
     1 | D        | Noticed Ijyb
     8 | D        | Killed Ijyb
     9 | D        | Reached XP level 2. HP: 13/22 MP: 0/6
     9 | D        | Reached XP level 3. HP: 16/28 MP: 0/7
    80 | D        | Noticed an ogre
    88 | D        | Killed an ogre
    89 | D        | Reached XP level 4. HP: 23/48 MP: 3/8
    94 | D        | Learned a level 4 spell: Olgreb's Toxic Radiance
   192 | D        | Noticed Sigmund
   212 | D        | Killed Sigmund
   213 | D        | Reached skill level 10 in Fighting
   213 | D        | Reached XP level 5. HP: 21/63 MP: 2/9
   213 | D        | Reached XP level 6. HP: 24/72 MP: 2/10
   382 | D        | Found an ornate altar of the Wu Jian Council.
   382 | D        | Found a shimmering blue altar of Sif Muna.
   384 | D        | Found a radiant altar of Vehumet.
   393 | D        | Reached skill level 10 in Poison Magic
   505 | D        | Noticed a centaur warrior
   523 | D        | Found Butzafit's Antique Weapon Emporium.
   523 | D        | Found an ancient bone altar of Kikubaaqudgha.
   523 | D        | Found a hazy altar of Hepliaklqana.
   523 | D        | Found a hide-covered altar of Uskayaw.
   523 | D        | Found a basalt altar of Yredelemnul.
   523 | D        | Found an opulent altar of Gozag.
   523 | D        | Found a snail-covered altar of Cheibriados.
   523 | D        | Found a sacrificial altar of Ru.
   523 | D        | Found a shadowy altar of Dithmenos.
   523 | D        | Noticed a yak
   524 | D        | Found a stormy altar of Qazlal.
   524 | D        | Found a blossoming altar of Fedhas.
   524 | D        | Found a bloodstained altar of Trog.
   524 | D        | Found an iron altar of Okawaru.
   524 | D        | Found a glowing golden altar of the Shining One.
   524 | D        | Found a glowing silver altar of Zin.
   524 | D        | Found a white marble altar of Elyvilon.
   531 | D        | Mangled by a yak

Illustrated notes

Levels and vault maps discovered:
D:        dungeon_sprint_1 [red_sonja_temple_1, red_sonja_temple_small_1]

Skill      XL: |  1  2  3  4  5  6 |
---------------+-------------------+-----
Dodging        | 2 |  2.2
Stealth        | 4 |  4.0
Spellcasting   | 3 |  3.1
Poison Magic   | 6 8 9 10 | 10.4
Fighting       | 6 10 | 10.0
Transmutations | |  1.4

Action                   |  1- 3 |  4- 6 || total
-------------------------+-------+-------++-------
Melee: Unarmed           |     2 |    11 ||    13
 Cast: Sting             |     7 |     5 ||    12
       Olgreb's Toxic Ra |       |     2 ||     2
 Abil: Spit Poison       |     2 |     1 ||     3
  Use: Scroll            |     1 |       ||     1
 Stab: Sleeping          |       |     1 ||     1
Armor: Robe              |       |     1 ||     1
Dodge: Dodged            |     1 |     8 ||     9

Table legend: (Time is in decaauts)
 A = Elapsed time spent in this place.
 B = Non-inter-level travel time spent in this place.
 C = Inter-level travel time spent in this place.
 D = Time resting spent in this place.
 E = Time spent auto-exploring this place.
 F = Levels seen in this place.
 G = Mean time per level.
                   A        B        C        D        E       F      G
               +--------+--------+--------+--------+--------+-----+--------+
         Total |    553 |    553 |      0 |     68 |    410 |   1 |  553.0 |
       Dungeon |    553 |    553 |      0 |     68 |    410 |   1 |  553.0 |
               +--------+--------+--------+--------+--------+-----+--------+

Top non-repeatable levels by time:
       D: 553 daAuts
